 Dungeon Crawl Stone Soup version 0.19.0-19-g8c6edcc (webtiles) character file.

59 Leibowitz the Sneak (level 4, -6/36 HPs)
             Began as a Naga Enchanter on Nov 13, 2016.
             Mangled by a gnoll (8 damage)
             ... on level 2 of the Dungeon.
             The game lasted 00:04:17 (1504 turns).

Leibowitz the Sneak (Naga Enchanter)                Turns: 1504, Time: 00:04:18

Health: -6/36      AC:  3    Str: 12    XL:     4   Next: 3%
Magic:  0/7        EV: 10    Int: 15    God:
Gold:   82         SH:  0    Dex: 11    Spells: 2 memorised, 4 levels left

rFire  . . .     SeeInvis +     a - +1 dagger
rCold  . . .     Gourm    .     b - +1 robe
rNeg   . . .     Faith    .     (no shield)
rPois  +         Spirit   +     (no helmet)
rElec  .         Reflect  .     (no cloak)
rCorr  .         Harm     .     (no gloves)
MR     .....                    (no barding)
Stlth  +++.......               g - amulet of guardian spirit
                                (no ring)
                                i - ring of flight

@: very slow
A: see invisible, deformed body, poison resistance, slowness 2, slow metabolism
1, spit poison 1, AC +1
a: Spit Poison, Evoke Flight


You were on level 2 of the Dungeon.
You were not hungry.

You visited 1 branch of the dungeon, and saw 2 of its levels.

You collected 82 gold pieces.

Inventory:

Hand Weapons
 a - a +1 dagger (weapon)
Armour
 b - a +1 robe (worn)
Jewellery
 e - an uncursed ring of fire
 g - an amulet of guardian spirit (around neck)
 i - a ring of flight (left hand)
Books
 c - a book of Maledictions

   Spells                             Type                      Level
   a - Corona                         Hexes                        1
   b - Ensorcelled Hibernation        Hexes/Ice                    2
   c - Confuse                        Hexes                        3
   d - Tukima's Dance                 Hexes                        3
   e - Dazzling Spray                 Conjuration/Hexes            3
Comestibles
 d - a bread ration
 f - a slice of pizza
 j - a chunk of flesh


   Skills:
 + Level 1.5 Short Blades
 + Level 1.8 Dodging
 + Level 5.6 Stealth
 + Level 2.4 Spellcasting
 + Level 3.3 Hexes
 + Level 0.4 Ice Magic


You had 4 spell levels left.
You knew the following spells:

 Your Spells              Type           Power        Failure   Level  Hunger
a - Corona                Hex            ##.....      8%          1    #......
b - Ensorcelled Hibernat  Hex/Ice        #.....       17%         2    ###....


Dungeon Overview and Level Annotations

Branches:
Dungeon (2/15)

Altars:


Innate Abilities, Weirdness & Mutations

You cannot wear boots.
Your serpentine skin is tough. (AC +1)
You have supernaturally acute eyesight. (SInv)
Armour fits poorly on your strangely shaped body.
Your system is resistant to poisons. (rPois)
You cover ground very slowly.
You have a slow metabolism.
You can spit poison.


Message History

* * * LOW HITPOINT WARNING * * *
You aren't carrying any items that you can evoke.
Unknown command.
As you read the scroll labeled LONGYI PACYSUT, it crumbles to dust.
It is a scroll of amnesia.
Forget which spell ([?*] list [ESC] exit)?
Forget which spell ([?*] list [ESC] exit)?
Okay, then.
The gnoll barely misses you. The gnoll hits you.
* * * LOW HITPOINT WARNING * * *
The gnoll hits you.
* * * LOW HITPOINT WARNING * * *
The gnoll closely misses you. The gnoll hits you.
* * * LOW HITPOINT WARNING * * *
The gnoll closely misses you. The gnoll barely misses you. The gnoll hits you!
You die...

###
#.##################
#..@gS.gg.g.........
#.##################
#.# #.#######
#.......#
###########.#
#.........#.#
#†........#.###
#######
#.....>..†÷...#
#.....)


You could see 4 gnolls and an adder.

Vanquished Creatures
  3 adders (D:2)
  2 worms (D:2)
  A dart slug (D:1)
  A leopard gecko (D:2)
  A giant cockroach (D:1)
  2 goblins (D:1)
  2 hobgoblins (D:1)
  A ball python (D:1)
  4 bats
  2 frilled lizards
  3 kobolds (D:1)
  3 rats
25 creatures vanquished.

Notes
Turn   | Place    | Note
-------+----------+-------------------------------------------
     0 | D:1      | Leibowitz the Naga Enchanter began the quest for the Orb.
     0 | D:1      | Reached XP level 1. HP: 15/15 MP: 3/3
   421 | D:1      | Reached XP level 2. HP: 19/22 MP: 0/5
   425 | D:1      | Learned a level 2 spell: Ensorcelled Hibernation
   581 | D:1      | Reached skill level 5 in Stealth
  1156 | D:2      | Reached XP level 3. HP: 19/28 MP: 1/6
  1468 | D:2      | Reached XP level 4. HP: 29/36 MP: 1/7
  1498 | D:2      | HP: 1/36 [gnoll (3)]
  1504 | D:2      | Mangled by a gnoll

Skill      XL: |  1  2 |
---------------+-------+-----
Stealth        | 5 |  5.6
Short Blades   | |  1.5
Dodging        | |  1.8
Spellcasting   | |  2.4
Hexes          | |  3.3
Ice Magic      | |  0.4

Action                   |  1- 3 |  4- 6 || total
-------------------------+-------+-------++-------
Melee: Dagger            |    60 |     9 ||    69
 Cast: Ensorcelled Hiber |    10 |       ||    10
  Use: Scroll            |       |     1 ||     1
 Stab: Sleeping          |    13 |       ||    13
  Eat: Chunk             |     2 |       ||     2
Armor: Robe              |    18 |     2 ||    20
Dodge: Dodged            |    39 |     9 ||    48
